 Dungeon Crawl Stone Soup version 0.30-a0-840-ga523dec638 (webtiles) character file.

Game seed: 5227935681299841121

772 cforsyth the Sneak (level 8, -1/48 HPs)
             Began as a Kobold Brigand on Mar 1, 2023.
             Was an Initiate of Hepliaklqana.
             Killed by divine providence
             ... invoked by an orc priest
              (14 damage)
             ... on level 4 of the Dungeon on Mar 2, 2023.
             The game lasted 00:09:37 (5763 turns).

cforsyth the Sneak (Kobold Brigand)                 Turns: 5763, Time: 00:09:38

Health: -1/48      AC:  3    Str:  8    XL:     8   Next: 9%
Magic:  8/8        EV: 16    Int: 12    God:    Hepliaklqana [......]
Gold:   170        SH:  0    Dex: 19    Spells: 7/7 levels left

rFire   . . .      SeeInvis .    g - +2 dagger (venom)
rCold   . . .      Faith    .    (no shield)
rNeg    . . .      Spirit   .    b - +0 robe
rPois   .          Reflect  .    (no helmet)
rElec   .          Harm     .    c - +0 cloak
rCorr   .          Rampage  .    (no gloves)
Will    .....                    (no boots)
Stlth   +++++                    (no amulet)
HPRegen 0.28/turn                (no ring)
MPRegen 0.11/turn                (no ring)

@: lethally poisoned (-1 -> -2)
A: small, no large weapons, nightstalker 3
a: Renounce Religion


You were on level 4 of the Dungeon.
You worshipped Hepliaklqana.
Hepliaklqana was noncommittal.
You visited 1 branch of the dungeon, and saw 5 of its levels.

You collected 170 gold pieces.

Inventory:

Hand Weapons
 a - a +2 dagger
 g - a +2 dagger of venom (weapon)
Missiles
 d - 15 poisoned darts (quivered)
 e - 3 curare-tipped darts
Armour
 b - a +0 robe (worn)
 c - a +0 cloak (worn)
Jewellery
 n - a +6 ring of intelligence
Wands
 l - a wand of flame (11)
Scrolls
 f - 3 scrolls of immolation
 h - a scroll of teleportation
 m - a scroll of blinking {unknown}
 o - a scroll of silence {unknown}
Potions
 i - a potion of cancellation {unknown}
 j - 2 potions of curing
 k - a potion of ambrosia {unknown}


   Skills:
 + Level 4.2 Fighting
 + Level 5.2 Short Blades
 * Level 5.6 Throwing
 + Level 4.2 Dodging
 + Level 7.2 Stealth


You had 7 spell levels left.
You didn't know any spells.
Your spell library contained the following spells:

 Spells                   Type           Power      Damage    Failure   Level
 Beastly Appendage        Tmut           0%         N/A       32%         1
 Blink                    Tloc           0%         N/A       45%         2
 Lesser Beckoning         Tloc           0%         N/A       45%         2
 Momentum Strike          Conj/Tloc      0%         3d8       45%         2
 Static Discharge         Conj/Air       0%         2-2/arc   45%         2
 Wereblood                Tmut           0%         N/A       45%         2
 Call Canine Familiar     Summ           0%         N/A       69%         3
 Dazzling Flash           Conj/Hex       0%         N/A       69%         3
 Portal Projectile        Hex/Tloc       0%         N/A       69%         3
 Spider Form              Tmut/Pois      0%         N/A       69%         3
 Vhi's Electric Charge    Tloc/Air       0%         N/A       69%         3
 Iskenderun's Mystic Bla  Conj/Tloc      0%         2d3       97%         4
 Leda's Liquefaction      Hex/Erth       0%         N/A       97%         4
 Arcjolt                  Conj/Air       0%         1d10      100%        5
 Lightning Bolt           Conj/Air       0%         1d11      100%        5
 Starburst                Conj/Fire      0%         6d3       100%        6


Dungeon Overview and Level Annotations

Branches:
Dungeon (5/15)
 Temple: D:4-7

Altars:
Ashenzari
Hepliaklqana
Vehumet
Zin

Shops:
D:3 ?[   D:4 *

Annotations:
D:3 2 transporters, 1 runed translucent door, Crazy Yiuf, Edmund


Innate Abilities, Weirdness & Mutations

You are small and have problems with some larger weapons.
You are completely attuned to the shadows.


Message History

An orc comes into view. It is wielding a +0 trident.
You feel very sick. The orc closely misses you.
The orc wizard gestures wildly while chanting.
The orc wizard flickers and vanishes!
Deactivating autopickup; reactivate with Ctrl-A.
You hit the orc.
The orc is poisoned.
The orc is severely wounded.
You feel sick. The orc hits you with a +0 dagger.
You closely miss the orc.
The orc is severely wounded.
You feel sick. The orc hits you with a +0 dagger. The orc barely misses you.
Something barely misses you.
You hit the orc.
You kill the orc!
You feel sick.
An orc priest comes into view. It is wielding a +0 dagger of venom.
You feel sick.
You hear some strange, mumbled words.
Something tries to affect you, but you resist.
The orc priest mumbles some strange prayers to Beogh against you.
Beogh smites you! The orc misses you.
Items here: ! ( ) †.
You are too injured to fight recklessly!
You are too injured to fight recklessly!
You are too injured to fight recklessly!
You are too injured to fight recklessly!
You are too injured to fight recklessly!
You are too injured to fight recklessly!
You are too injured to fight recklessly!
You are too injured to fight recklessly!
Something hits you.
You feel sick. The orc completely misses you.
You feel sick.
You feel sick. Something hits you. Something hits you.
* * * LOW HITPOINT WARNING * * *
You feel sick.
The orc priest calls down the wrath of Beogh upon you.
Beogh smites you!
You die...

....+...∩..........[.......#....#
)).........................'....#
####........###..######o######'##
#####..#_#..####'######.#### #.##
..#...##⌠##..<.............. #...
..#....###........).o..).... #...
..#.................)....... #...
..#................o........ #...
..#.............@........... #...
....#####...#########...######..#
####.####...##.....##....#..##..#
#.....#...................#....
#.....'........###'###....#....
#.....#.<......# #.# #....#....
##.######.###..###.###.#..###.#
########.###..###_..'.#..###.#
#....#...+..###.###.....#...


You could see an orc priest and an orc.

Vanquished Creatures
  Sigmund (D:3)
  A necrophage (D:5)
  A scorpion (D:5)
  A hound (D:5)
  An orc priest (D:4)
  An orc wizard (D:5)
  Natasha (D:3)
  Terence (D:2)
  5 iguanas
  Robin (D:2)
  8 adders
  3 gnolls (D:4)
  An ufetubus (D:4)
  A worm (D:3)
  4 dart slugs
  11 orcs
  8 endoplasms
  3 giant cockroaches
  14 goblins
  8 hobgoblins
  3 jackals (D:1)
  6 kobolds
  4 quokkas
  5 ball pythons
  6 bats
  7 frilled lizards
  8 rats
114 creatures vanquished.

Notes
Turn   | Place    | Note
-------+----------+-------------------------------------------
     0 | D:1      | cforsyth the Kobold Brigand began the quest for the Orb.
     0 | D:1      | Reached XP level 1. HP: 12/12 MP: 1/1
    88 | D:1      | Reached XP level 2. HP: 18/18 MP: 2/2
   520 | D:1      | Reached XP level 3. HP: 22/22 MP: 3/3
   935 | D:2      | Noticed Robin
  1079 | D:2      | Noticed Terence
  1083 | D:2      | Killed Terence
  1084 | D:2      | Reached XP level 4. HP: 27/27 MP: 4/4
  1251 | D:2      | Reached skill level 6 in Stealth
  1262 | D:2      | Killed Robin
  1263 | D:2      | Reached XP level 5. HP: 22/32 MP: 5/5
  1800 | D:3      | Noticed Sigmund
  1804 | D:3      | Killed Sigmund
  1805 | D:3      | Reached XP level 6. HP: 37/37 MP: 6/6
  2013 | D:3      | Found a transporter.
  2339 | D:3      | Found Aroh's Antique Armour Shop.
  2359 | D:3      | Found Wiolin's Magic Scroll Boutique.
  2419 | D:3      | Noticed Natasha
  2423 | D:3      | Killed Natasha
  2424 | D:3      | You fall into a shaft and drop 2 floors!
  2424 | D:5      | Entered Level 5 of the Dungeon
  2425 | D:5      | Noticed an ogre
  2456 | D:5      | Found a broken altar of Ashenzari.
  2464 | D:5      | Reached XP level 7. HP: 41/41 MP: 7/7
  2508 | D:3      | Found a transporter.
  2720 | D:3      | Found a runed translucent door.
  2723 | D:3      | Noticed Crazy Yiuf
  2917 | D:4      | Noticed Edmund
  4248 | D:4      | Found a radiant altar of Vehumet.
  4373 | D:4      | Found Zin's Purification Station.
  4375 | D:4      | Found a glowing silver altar of Zin.
  4468 | D:4      | Reached skill level 5 in Throwing
  4922 | D:5      | Reached skill level 7 in Stealth
  4924 | D:5      | Reached skill level 5 in Short Blades
  5332 | D:4      | Reached XP level 8. HP: 48/48 MP: 8/8
  5428 | D:4      | Found a hazy altar of Hepliaklqana.
  5463 | D:4      | Became a worshipper of Hepliaklqana the Forgotten
  5763 | D:4      | Killed from afar by an orc priest

Illustrated notes

Levels and vault maps discovered:
D:1:      minmay_arrival_four_houses, layout_loops_ring
D:2:      layout_rooms, uniq_terence, uniq_robin
D:3:      gammafunk_wand_slinger, layout_basic, serial_shops,
          nicolae_shop_crystal, nicolae_shop_advertising_works
          [nicolae_subvault_shop_adworks], chequers_serial_rivers_large_a,
          uniq_crazy_yiuf_cottage, uniq_natasha, uniq_sigmund
D:4:      layout_gridville, lemuel_doored_altar, zin_purify,
          mainiacjoe_overflow_cross_hatched, minivault_24, uniq_edmund
D:5:      layout_cave_pools, ashenzari_altar_1

Skill      XL: |  1  2  3  4  5  6  7 |
---------------+----------------------+-----
Short Blades   | 3 4 5 |  5.2
Throwing       | 3 4 5 |  5.6
Dodging        | 2 3 4 |  4.2
Stealth        | 6 7 |  7.2
Fighting       | 3 4 |  4.2

Action                     |  1- 3 |  4- 6 |  7- 9 || total
---------------------------+-------+-------+-------++-------
  Melee: Dagger            |    65 |   161 |   142 ||   368
         Punch             |       |     1 |     2 ||     3
    Use: Scroll            |       |       |     4 ||     4
         Potion            |       |       |     3 ||     3
   Stab: Sleeping          |    23 |    18 |    14 ||    55
         Invisible         |       |       |     2 ||     2
 Armour: Robe              |     5 |    13 |    11 ||    29
  Dodge: Dodged            |    38 |    89 |   115 ||   242

Table legend: (Time is in decaauts)
 A = Elapsed time spent in this place.
 B = Non-inter-level travel time spent in this place.
 C = Inter-level travel time spent in this place.
 D = Time resting spent in this place.
 E = Time spent auto-exploring this place.
 F = Levels seen in this place.
 G = Mean time per level.
                   A        B        C        D        E       F      G
               +--------+--------+--------+--------+--------+-----+--------+
         Total |   5702 |   5596 |    106 |   1610 |   3025 |   5 | 1140.4 |
       Dungeon |   5702 |   5596 |    106 |   1610 |   3025 |   5 | 1140.4 |
               +--------+--------+--------+--------+--------+-----+--------+

Top non-repeatable levels by time:
     D:3: 1977 daAuts
     D:4: 1126 daAuts
     D:2: 980 daAuts
     D:5: 853 daAuts
     D:1: 765 daAuts
